 Dungeon Crawl Stone Soup version 0.19-a0-805-g0a78ef0 (webtiles) character file.

145 Stormbringer the Insei (level 5, -9/41 HPs)
             Began as a Mummy Monk on June 27, 2016.
             Mangled by an ogre
             ... wielding a +0 giant club
              (33 damage)
             ... on level 4 of the Dungeon.
             The game lasted 00:06:02 (5609 turns).

Stormbringer the Insei (Mummy Monk)                 Turns: 5609, Time: 00:06:03

Health: -9/41      AC:  1    Str: 14    XL:     5   Next: 6%
Magic:  14/14      EV: 13    Int: 10    God:
Gold:   126        SH:  0    Dex: 15    Spells: 0 memorised, 4 levels left

rFire  x . .     SeeInvis .       - Unarmed
rCold  + . .     Gourm    .     (no armour)
rNeg   + + +     Faith    .     (no shield)
rPois  ∞         Spirit   .     f - -1 helmet (curse)
rElec  .         Dismiss  .     g - +0 cloak
rCorr  .         Reflect  .     (no gloves)
SustAt .         Harm     .     (no boots)
MR     .....                    (no amulet)
Stlth  ++........               h - ring of magical power
                                (no ring)

@: not resistant to hostile enchantments, unstealthy
A: no food or potions, fire vulnerability, cold resistance 1, negative energy
resistance 3, torment resistance, unbreathing
a: no special abilities


You were on level 4 of the Dungeon.
You were not hungry.

You visited 1 branch of the dungeon, and saw 4 of its levels.

You collected 126 gold pieces.


Innate Abilities, Weirdness & Mutations

You do not eat or drink.
Your flesh is vulnerable to fire.
You are immune to poison.
Your flesh is cold resistant. (rC+)
You are immune to negative energy. (rN+++)
You are immune to unholy pain and torment.
You can survive without breathing.


   Skills:
 - Level 3.0 Fighting
 - Level 2.4 Dodging
 - Level 1.5 Stealth
 + Level 4.8 Unarmed Combat


You had 4 spell levels left.
You didn't know any spells.

Inventory:

Armour
 a - a +0 large shield
 f - a cursed -1 helmet (worn)
 g - a +0 cloak (worn)
Jewellery
 h - a ring of magical power (right hand)
Scrolls
 b - a scroll of remove curse {unknown}
 c - 2 scrolls of identify {unknown}
 d - a scroll of magic mapping {unknown}
 e - a scroll of amnesia
 i - a scroll of teleportation {unknown}
 j - a scroll of enchant armour {unknown}
 k - a scroll of recharging {unknown}

Dungeon Overview and Level Annotations

Branches:
Dungeon (4/15)
 Temple: D:4-7

Altars:
Uskayaw

.▒ .▒ .▒
.▒ ▒ .▒
▒.▒ .▒
▒...▒▒▒▒.▒
▒...OM.<.▒
▒▒.▒▒▒▒▒▒▒


You could see an ogre.


Message History

A phantom comes into view!
Found a plate armour and a bread ration!
There is a stone staircase leading up here!
A phantom is nearby!!!
You climb upwards!
There is a stone staircase leading down here!
You open the door!
There is an open door here!
There is an open door here!
There is a stone staircase leading down here!
You climb downwards!
You hear the sound of rushing water!
There is an entrance to a sewer on this level!
Hurry and find it before the portal rusts away!!!
An ogre comes into view! It is wielding a giant club!
There is a stone staircase leading up here!
You hear the slow rusting of a distant drain!
The helpless ogre fails to defend itself!
You pummel the ogre like a punching bag!
The ogre is moderately wounded!
The ogre hits you with a giant club!!!
You are too injured to fight recklessly!!!
You are too injured to fight recklessly!!!
You are too injured to fight recklessly!!!
You are too injured to fight recklessly!!!
You are too injured to fight recklessly!!!
You pummel the ogre like a punching bag!!!
The ogre is heavily wounded!
The ogre hits you with a giant club!!!!!!
DANG rip

Action                   |  1- 3 |  4- 6 || total
-------------------------+-------+-------++-------
Melee: Unarmed           |   203 |   112 ||   315
       Punch             |     1 |     1 ||     2
  Use: Scroll            |       |     1 ||     1
 Stab: Sleeping          |     3 |     6 ||     9
Armor: Skin              |       |     2 ||     2
Dodge: Dodged            |   131 |    60 ||   191

Vault maps used:
D:1:      sevenhm_arrival_forest_fort_large_1, minmay_misc_feat_tiny,
          hex_medium, roderic_roman_lattice
D:2:      overflow_temple_1_default, first_bread
D:4:      gup_sewer_entry_bubbles, minmay_misc_feat_hallway

Notes
Turn   | Place    | Note
--------------------------------------------------------------
     0 | D:1      | Stormbringer the Mummy Monk began the quest for the Orb.
     0 | D:1      | Reached XP level 1. HP: 18/18 MP: 1/1
   402 | D:1      | Reached XP level 2. HP: 22/24 MP: 2/2
   497 | D:1      | Reached skill level 3 in Unarmed Combat
  1346 | D:1      | Reached XP level 3. HP: 29/29 MP: 3/3
  3189 | D:2      | Reached skill level 4 in Unarmed Combat
  3325 | D:2      | Reached XP level 4. HP: 27/35 MP: 4/4
  3866 | D:2      | Found a hide-covered altar of Uskayaw.
  5145 | D:3      | HP: 3/35 [hound (3)]
  5147 | D:3      | Reached XP level 5. HP: 4/41 MP: 5/5
  5556 | D:4      | Noticed a phantom
  5605 | D:4      | Noticed an ogre
  5609 | D:4      | Mangled by an ogre

Vanquished Creatures
  A hound (D:3)
  2 adders
  An ooze (D:3)
  3 worms
  5 dart slugs
  3 giant geckos
  2 ball pythons
  9 bats
  5 giant cockroaches
  5 hobgoblins
  3 jackals (D:1)
  9 kobolds
  3 quokkas
  5 giant newts
  5 goblins (D:1)
  13 rats
74 creatures vanquished.
